Map: [ESL] Babylon

Players

SKillous

  • Race: Protoss Protoss
  • League: Grandmaster
  • Spawn Location: 11:00

ShoWTimE - Winner!

  • Race: Protoss Protoss
  • League: Grandmaster
  • Spawn Location: 5:00

Event: HomeStory Cup XXIII

VOD

Have the link to the VOD?

Description

Time

  • Played on: July 2, 2023, 7:51 a.m.
  • Length: 9:58

All games in this series

Show
View Real Time Build Order
Export as new Build Order

SKillous Protoss 

Build Orders: Blink Stalkers 

Get SALT Encoding   

  12  0:00  Probe  
  13  0:12  Probe  
  14  0:18  Pylon  
  14  0:24  Probe  
  15  0:37  Probe (Chrono Boost), Gateway  
  16  0:47  Probe (Chrono Boost), Assimilator  
  17  0:52  Probe (Chrono Boost)  
  17  0:55  Assimilator  
  18  1:04  Probe (Chrono Boost)  
  19  1:12  Gateway  
  19  1:16  Probe (Chrono Boost)  
  20  1:25  Probe (Chrono Boost)  
  21  1:26  Cybernetics Core  
  21  1:32  Probe  
  21  1:37  Pylon  
  22  1:44  Probe  
  23  1:47  Pylon  
  23  1:56  Probe  
  24  2:03  Stalker x2  
  24  2:04  Warp Gate  
  28  2:29  Nexus  
  28  2:32  Probe  
  29  2:40  Pylon  
  29  2:44  Probe  
  30  2:54  Shield Battery  
  30  2:56  Probe  
  31  2:58  Sentry  
  31  3:00  Sentry  
  35  3:07  Twilight Council  
  35  3:10  Probe (Chrono Boost)  
  37  3:20  Probe (Chrono Boost)  
  37  3:25  Probe (Chrono Boost)  
  38  3:38  Blink (Chrono Boost)  
  38  3:41  Probe x2 (Chrono Boost)  
  40  3:51  Probe (Chrono Boost)  
  40  3:52  Probe (Chrono Boost)  
  40  3:54  Stalker  
  40  3:55  Stalker  
  46  3:57  Probe  
  47  4:06  Pylon  
  47  4:07  Probe  
  48  4:15  Probe (Chrono Boost)  
  45  4:17  Stalker  
  48  4:24  Probe (Chrono Boost), Stalker  
  48  4:27  Probe (Chrono Boost)  
  52  4:33  Probe x2 (Chrono Boost)  
  53  4:42  Probe  
  54  4:49  Nexus  
  54  4:50  Pylon  
  54  4:53  Stalker  
  54  4:57  Stalker  
  58  5:00  Probe  
  58  5:01  Probe  
  58  5:07  Robotics Facility  
  60  5:12  Probe  
  61  5:15  Shield Battery  
  61  5:18  Probe  
  61  5:24  Stalker x2  
  61  5:27  Shield Battery  
  65  5:29  Pylon  
  65  5:30  Probe  
  65  5:32  Probe  
  67  5:40  Gateway  
  67  5:42  Probe  
  68  5:43  Gateway  
  68  5:48  Stalker  
  70  5:51  Stalker  
  70  5:53  Probe  
  73  6:01  Probe, Immortal (Chrono Boost)  
  78  6:05  Probe  
  77  6:11  Stalker  
  77  6:13  Probe  
  77  6:14  Charge (Chrono Boost)  
  77  6:16  Probe  
  82  6:18  Probe  
  82  6:24  Stalker  
  80  6:26  Probe  
  80  6:28  Probe  
  80  6:31  Gateway  
  82  6:32  Gateway  
  82  6:36  Probe  
  82  6:38  Immortal (Chrono Boost)  
  86  6:49  Gateway  
  86  6:52  Gateway  
  86  6:53  Probe  
  87  6:54  Probe  
  87  6:55  Probe  
  87  6:58  Pylon  
  87  7:00  Zealot, Sentry  
  92  7:07  Probe x2  
  93  7:13  Warp Prism (Chrono Boost)  
  91  7:18  Stalker x2  
  91  7:21  Pylon  
  91  7:27  Stalker  
  90  7:36  Probe  
  90  7:41  Stalker  
  90  7:42  Zealot x4  
  100  7:48  Stalker  
  100  7:49  Zealot  
  100  7:50  Zealot  
  106  7:53  Pylon  
  106  7:56  Pylon  
  106  7:57  Pylon  
  102  8:06  Stalker x2  
  102  8:11  Zealot x6  
  116  8:18  Pylon  
  114  8:26  Observer (Chrono Boost)  
  115  8:28  Zealot x2  
  115  8:29  Zealot x2  
  115  8:31  Zealot x4  
  119  8:50  Zealot x4  
  119  8:52  Stalker x3  
  119  8:55  Zealot  
  101  9:10  Stalker x2  
  101  9:11  Zealot, Stalker  
  103  9:25  Stalker  
  103  9:27  Zealot x3  
  93  9:38  Zealot x4  
  79  9:46  Stalker  
  79  9:48  Zealot x3  
Show
View Real Time Build Order
Export as new Build Order

ShoWTimE Protoss - Winner!

Build Orders: Oracle Opening 

Get SALT Encoding   

  12  0:00  Probe  
  13  0:12  Probe  
  14  0:18  Pylon  
  14  0:24  Probe (Chrono Boost)  
  15  0:36  Probe (Chrono Boost)  
  15  0:37  Gateway  
  16  0:45  Probe (Chrono Boost)  
  16  0:46  Assimilator  
  17  0:50  Probe  
  18  1:03  Probe  
  19  1:15  Probe (Chrono Boost), Assimilator  
  19  1:16  Pylon  
  20  1:25  Cybernetics Core, Probe (Chrono Boost)  
  21  1:30  Probe (Chrono Boost)  
  22  1:35  Zealot  
  24  1:41  Probe  
  25  1:53  Probe  
  26  2:01  Stargate  
  26  2:07  Warp Gate  
  26  2:22  Nexus  
  26  2:29  Stalker  
  28  2:37  Shield Battery  
  28  2:42  Pylon  
  28  2:48  Oracle (Chrono Boost)  
  31  3:00  Probe  
  32  3:12  Probe  
  33  3:15  Oracle (Chrono Boost)  
  36  3:24  Probe  
  37  3:29  Gateway  
  37  3:33  Twilight Council  
  37  3:36  Probe x2  
  39  3:48  Probe x2  
  41  3:57  Stalker  
  41  4:00  Probe  
  41  4:01  Probe, Blink (Chrono Boost)  
  45  4:13  Probe x2  
  47  4:19  Pylon  
  47  4:23  Stalker  
  49  4:25  Probe x2  
  49  4:30  Stalker  
  53  4:37  Probe x2  
  55  4:44  Gateway x2  
  55  4:49  Probe  
  55  4:51  Probe  
  55  4:52  Pylon  
  57  5:00  Assimilator  
  57  5:01  Probe, Pylon  
  57  5:03  Probe  
  57  5:05  Stalker  
  61  5:10  Stalker  
  63  5:21  Pylon  
  63  5:26  Nexus  
  63  5:29  Probe x2  
  63  5:33  Stalker  
  63  5:35  Stalker  
  69  5:39  Stalker  
  71  5:43  Stalker  
  71  5:47  Probe x2  
  75  5:56  Pylon  
  75  5:59  Stalker x2  
  75  6:01  Probe  
  75  6:02  Probe  
  81  6:11  Stalker x2  
  81  6:13  Probe  
  81  6:14  Probe  
  87  6:19  Forge  
  87  6:25  Probe  
  84  6:27  Stalker x2  
  84  6:28  Probe  
  89  6:37  Probe  
  89  6:39  Probe  
  91  6:40  Probe  
  91  6:41  Stalker x2  
  96  6:49  Probe, Pylon  
  96  6:50  Shield Battery  
  96  6:51  Probe  
  98  6:54  Protoss Ground Weapons Level 1 (Chrono Boost)  
  98  6:55  Stalker x2  
  98  6:56  Charge  
  102  7:09  Gateway x2  
  96  7:19  Stalker x4  
  102  7:27  Gateway  
  99  7:43  Probe  
  95  7:46  Stalker x4  
  103  7:51  Gateway  
  103  7:55  Pylon  
  103  7:58  Nexus  
  101  8:08  Zealot x2  
  103  8:13  Shield Battery  
  103  8:14  Stalker x3  
  103  8:15  Pylon, Zealot  
  111  8:20  Shield Battery  
  111  8:21  Shield Battery  
  111  8:26  Robotics Facility  
  111  8:31  Zealot x3  
  117  8:38  Zealot x4  
  121  8:47  Stalker  
  110  8:51  Zealot x3  
  110  9:00  Zealot x4  
  96  9:12  Zealot x4  
  96  9:13  Immortal (Chrono Boost)  
  104  9:22  Zealot x4  
  96  9:35  Stalker x4  
  100  9:42  Zealot  
  100  9:43  Zealot x3  
Tags
 
Add a new tag
Caveats
  • Supply blocks, unpowered buildings, or Contaminate may cause inaccurate times.
  • Supply counts are checked every 10 seconds.